 Dungeon Crawl Stone Soup version 0.19-a0-1907-gcff654f (webtiles) character file.

6940 kae the Carver (level 11, -6/89 HPs)
             Began as a Formicid Fighter on Oct 21, 2016.
             Was a Follower of Okawaru.
             Killed from afar by jerryfan's ghost (30 damage)
             ... with a bolt of negative energy
             ... on level 8 of the Dungeon.
             The game lasted 00:13:27 (11386 turns).

kae the Carver (Formicid Fighter)                  Turns: 11386, Time: 00:13:28

Health: -6/89      AC:  8    Str: 24    XL:     11   Next: 28%
Magic:  12/14      EV: 11    Int:  8    God:    Okawaru [*.....]
Gold:   463        SH: 17    Dex: 10    Spells: 0 memorised, 10 levels left

rFire  . . .     SeeInvis +     a - +3 scimitar (flame)
rCold  . . .     Gourm    .     A - +0 scale mail
rNeg   . . .     Faith    .     c - +0 shield
rPois  .         Spirit   .     (helmet unavailable)
rElec  .         Reflect  .     (no cloak)
rCorr  .         Harm     .     s - +0 pair of gloves
MR     +....                    (no boots)
Stlth  +.........               (no amulet)
                                (no ring)
                                (no ring)

@: heroism, heavily drained
A: permanent stasis, dig shafts and tunnels, four strong arms, antennae 3, large
bone plates 1, wild magic 1
a: Dig, Shaft Self, Heroism, Renounce Religion


You were on level 8 of the Dungeon.
You worshipped Okawaru.
Okawaru was aware of your devotion.
You were hungry.

You visited 2 branches of the dungeon, and saw 10 of its levels.

You collected 485 gold pieces.
You spent 22 gold pieces at shops.

Inventory:

Hand Weapons
 a - a +3 scimitar of flaming (weapon)
 b - a +3 scimitar
 w - a +0 long sword
Armour
 c - a +0 shield (worn)
 s - a +0 pair of gloves (worn)
 A - a +0 scale mail (worn)
Jewellery
 p - a +5 ring of protection {unknown}
 q - an uncursed ring of protection from magic {unknown}
 u - a cursed amulet of inaccuracy
Wands
 j - a wand of confusion (22/48)
 t - a wand of teleportation (5/9)
 y - a wand of paralysis (8/24)
Scrolls
 d - 2 scrolls of identify
 e - 2 scrolls of remove curse
 i - 3 scrolls of teleportation
 k - 3 scrolls of noise
 l - 2 scrolls of enchant armour
 m - 2 scrolls of enchant weapon
 o - 4 scrolls of immolation
 r - 2 scrolls of magic mapping
 v - 3 scrolls of amnesia
 F - 2 scrolls of blinking {unknown}
Potions
 B - 2 potions of flight
 G - a potion of might
Books
 z - a book of Maledictions

   Spells                             Type                      Level
   a - Corona                         Hexes                        1
   b - Ensorcelled Hibernation        Hexes/Ice                    2
   c - Confuse                        Hexes                        3
   d - Tukima's Dance                 Hexes                        3
   e - Dazzling Spray                 Conjuration/Hexes            3
 D - a book of Misfortune

   Spells                             Type                      Level
   a - Confusing Touch                Hexes                        1
   b - Confuse                        Hexes                        3
   c - Gell's Gravitas                Hexes/Translocation          3
   d - Petrify                        Transmutation/Earth          4
   e - Metabolic Englaciation         Hexes/Ice                    5
   f - Yara's Violent Unravelling     Hexes/Transmutation          5
 E - a book of Debilitation

   Spells                             Type                      Level
   a - Corona                         Hexes                        1
   b - Slow                           Hexes                        2
   c - Gell's Gravitas                Hexes/Translocation          3
   d - Inner Flame                    Hexes/Fire                   3
   e - Cause Fear                     Hexes                        4
   f - Leda's Liquefaction            Hexes/Earth                  4
Comestibles
 f - 7 bread rations
 g - 4 meat rations
 h - a beef jerky
 n - 10 slices of pizza
 x - 4 fruits
 C - a royal jelly


   Skills:
 + Level 9.6(12.2) Fighting
 * Level 11.7(14.2) Long Blades
 - Level 3.2(6.2) Armour
 - Level 9.6(12.2) Shields
 * Level 4.7(2.8) Invocations


You had 10 spell levels left.
You didn't know any spells.

Dungeon Overview and Level Annotations

Branches:
Dungeon (9/15)             Temple (1/1) D:4
   Lair: D:8-11         Orc: D:9-12

Altars:
Ashenzari
Cheibriados
Elyvilon
Fedhas
Gozag
Hepliaklqana
Kikubaaqudgha
Makhleb
Nemelex Xobeh
Okawaru
Qazlal
Ru
Sif Muna
Trog
Uskayaw
Vehumet
Xom
Zin
The Shining One

Shops:
D:4 =

Annotations:
D:7 Graouh's ghost, novice MiFi
D:8 jerryfan's ghost, novice DrBe


Innate Abilities, Weirdness & Mutations

You are under a permanent stasis effect.
You can dig through walls and to a lower floor.
Your four strong arms can wield two-handed weapons with a shield.
You have a pair of large antennae on your head. (SInv)
You are partially covered in large bone plates. (SH +4)
Your spells are a little harder to cast, but a little more powerful.


Message History

You hit jerryfan's ghost. You burn jerryfan's ghost.
Jerryfan's ghost is moderately damaged.
You slash jerryfan's ghost!
Jerryfan's ghost is heavily damaged.
You block jerryfan's ghost's attack.
You slash jerryfan's ghost!
Jerryfan's ghost is heavily damaged.
Jerryfan's ghost hits you.
You hit jerryfan's ghost. You burn jerryfan's ghost.
Jerryfan's ghost is heavily damaged.
You barely miss jerryfan's ghost.
Jerryfan's ghost is heavily damaged.
Jerryfan's ghost breathes negative energy at you.
The bolt of negative energy hits you!
You feel drained.
* * * LOW HITPOINT WARNING * * *
You closely miss jerryfan's ghost.
Jerryfan's ghost is heavily damaged.
Jerryfan's ghost breathes negative energy at you.
The bolt of negative energy hits you!
You feel drained.
You die...

)..##....# #.####.≈P≈
...##....##########)....♣≈≈≈
...#.....##......##.>....≈≈♣
.÷.#..................)..###
...#...(....................
.................##......###
....#....##......##......#
.........##.....%##......#
..........#.....@#.......#
..#.##....#......W.......#
.#..##....#..)...#.......#
...... ...#......##.....
....#.. .........# .....
.....#. ..####### ....
...... .. ... ...


You could see jerryfan's ghost.

Vanquished Creatures
  Erica (D:8)
  A hornet (D:8)
  Grinder (D:3)
  Prince Ribbit (D:7)
  2 hippogriffs (D:9)
  Sigmund (D:2)
  A human (D:9)
  A hungry ghost (D:8)
  Edmund (D:5)
  Duvessa (D:6)
  6 orc warriors
  A sky beast (D:6)
  3 ice beasts (D:8)
  2 necrophages (D:7)
  5 ogres
  2 centaurs
  A big kobold (D:9)
  Dowan (D:6)
  2 bullfrogs
  4 scorpions
  13 wights
  A howler monkey (D:6)
  A centaur zombie (D:5)
  6 crimson imps
  2 quasits
  7 hounds
  A jelly (D:9)
  A centaur skeleton (D:8)
  12 orc priests
  16 orc wizards
  2 bullfrog skeletons (D:8)
  Jessica (D:2)
  3 iguanas
  5 worker ants
  Natasha (thrice) (D:4)
  A hound zombie (D:7)
  A worker ant zombie (D:6)
  A howler monkey skeleton (D:7)
  7 adders
  2 shadow imps
  2 oozes
  An adder zombie (D:6)
  2 worms
  2 dart slugs
  5 leopard geckos
  28 orcs
  14 bats
  7 giant cockroaches
  13 goblins
  7 hobgoblins
  19 jackals
  5 quokkas
  4 ball pythons
  3 frilled lizards
  17 kobolds
  A quokka skeleton (D:5)
  8 rats
262 creatures vanquished.

Notes
Turn   | Place    | Note
-------+----------+-------------------------------------------
     0 | D:1      | kae the Formicid Fighter began the quest for the Orb.
     0 | D:1      | Reached XP level 1. HP: 18/18 MP: 1/1
    71 | D:1      | Reached XP level 2. HP: 24/24 MP: 2/2
   250 | D:1      | Reached XP level 3. HP: 21/29 MP: 3/3
  1126 | D:1      | Reached XP level 4. HP: 37/37 MP: 4/4
  1137 | D:1      | Reached skill level 3 in Long Blades
  1148 | D:1      | Gained mutation: Your spells are a little harder to cast, but a little more powerful. [potion of mutation]
  1148 | D:1      | Gained mutation: You are partially covered in large bone plates. (SH +4) [potion of mutation]
  1491 | D:2      | Noticed Jessica
  1655 | D:2      | Noticed Sigmund
  1680 | D:2      | Killed Sigmund
  1680 | D:2      | Reached skill level 4 in Long Blades
  1680 | D:2      | Reached skill level 5 in Shields
  1680 | D:2      | Reached XP level 5. HP: 26/43 MP: 5/5
  1680 | D:2      | Reached XP level 6. HP: 30/49 MP: 6/6
  1720 | D:2      | Killed Jessica
  2080 | D:3      | Noticed Grinder
  2121 | D:3      | Killed Grinder
  2121 | D:3      | Reached skill level 5 in Fighting
  2121 | D:3      | Reached skill level 5 in Long Blades
  2121 | D:3      | Reached XP level 7. HP: 24/56 MP: 7/7
  3027 | D:4      | Found Wownauh's Jewellery Shop.
  3037 | D:4      | Bought a cursed amulet of inaccuracy for 22 gold pieces
  3428 | D:4      | Found a staircase to the Ecumenical Temple.
  3436 | D:4      | Found a glowing silver altar of Zin.
  3447 | Temple   | Entered the Ecumenical Temple
  3515 | D:4      | Found a shattered altar of Ashenzari.
  3517 | D:4      | Found a snail-covered altar of Cheibriados.
  3531 | D:4      | Noticed Natasha
  3685 | D:4      | Reached skill level 6 in Long Blades
  3685 | D:4      | Reached XP level 8. HP: 63/63 MP: 8/8
  3992 | D:4      | Killed Natasha
  4039 | D:4      | Noticed Natasha
  4062 | D:4      | Killed Natasha
  4074 | D:4      | Noticed Natasha
  4078 | D:4      | Killed Natasha
  4381 | D:4      | Found a deep blue altar of Sif Muna.
  4414 | D:5      | Entered Level 5 of the Dungeon
  4647 | D:5      | Noticed Edmund
  4669 | D:5      | Killed Edmund
  4669 | D:5      | Reached skill level 7 in Long Blades
  5408 | D:5      | Reached XP level 9. HP: 67/71 MP: 9/9
  5661 | D:6      | Noticed Duvessa
  5670 | D:6      | Noticed Dowan
  5710 | D:6      | Killed Duvessa
  5710 | D:6      | Reached skill level 8 in Long Blades
  5732 | D:6      | You fall through a shaft for 3 floors!
  6195 | D:9      | Reached skill level 9 in Long Blades
  6345 | D:9      | Noticed a hippogriff
  6347 | D:9      | Noticed a hippogriff
  6362 | D:9      | Killed a hippogriff
  6374 | D:9      | Killed a hippogriff
  6392 | D:9      | Reached XP level 10. HP: 18/80 MP: 10/10
  7008 | D:8      | Reached skill level 10 in Long Blades
  7070 | D:8      | Noticed Erica
  7233 | D:7      | Noticed Graouh's ghost (novice MiFi)
  7634 | D:6      | Killed Dowan
  8086 | D:6      | You fall through a shaft!
  8700 | D:6      | Reached skill level 11 in Long Blades
  8891 | D:6      | Found an iron altar of Okawaru.
  9041 | D:6      | Became a worshipper of Warmaster Okawaru
  9412 | D:7      | Reached skill level 1 in Invocations
  9445 | D:7      | Noticed Prince Ribbit
  9878 | D:8      | Reached XP level 11. HP: 53/88 MP: 12/12
 10049 | D:8      | Found a shimmering altar of Xom.
 10055 | D:8      | Found a shimmering altar of Xom.
 10055 | D:8      | Found a shimmering altar of Xom.
 10059 | D:8      | Found a shimmering altar of Xom.
 10060 | D:8      | Found a shimmering altar of Xom.
 10105 | D:8      | Found a glowing golden altar of the Shining One.
 10193 | D:8      | Noticed jerryfan's ghost (novice DrBe)
 10554 | D:7      | Killed Prince Ribbit
 10960 | D:7      | Reached * piety under Okawaru
 11338 | D:8      | Killed Erica
 11386 | D:8      | Killed from afar by jerryfan's ghost

Vault maps used:
D:1:      erik_arrival_cave_to_civilisation, minmay_parallelograms, minivault_26
D:2:      first_bread, uniq_jessica, uniq_sigmund
D:3:      kennysheep_generic_room_13, uniq_grinder
D:4:      grunt_temple_overflow_open, serial_shops, nicolae_shop_waterfront,
          led_sif_pool, uniq_natasha
D:5:      uniq_edmund
D:6:      kennysheep_okawaru_gauntlet, uniq_duvessa
D:7:      overflow_temple_1_default, kennysheep_donut, uniq_prince_ribbit1
D:8:      grunt_temple_overflow_holy_war, xom_redecorated, serial_bayou_pond_e,
          grunt_ministairs_2, hangedman_abyss_or_decor_lesser_grid,
          kennysheep_pointless_box, uniq_erica
D:9:      enter_bailey_2, grunt_pizzeria
Temple:   nicolae_temple_god_jail

Skill      XL: |  1  2  3  4  5  6  7  8  9 10 11 |
---------------+----------------------------------+-----
Shields        | 4 5 6 7 8 9 |  9.6
Fighting       | 4 5 6 7 9 |  9.6
Long Blades    | 4 5 6 7 9 11 | 11.7
Invocations    | 2 4 |  4.7
Armour         | |  3.2

Action                   |  1- 3 |  4- 6 |  7- 9 | 10-12 || total
-------------------------+-------+-------+-------+-------++-------
Melee: Long sword        |   102 |   127 |   517 |   313 ||  1059
       Scimitar          |       |       |       |   214 ||   214
Invok: Heroism           |       |       |       |     2 ||     2
 Abil: Dig               |     1 |     1 |    13 |     5 ||    20
       Shaft Self        |       |       |     1 |     1 ||     2
  Use: Potion            |       |     4 |     5 |     4 ||    13
       Scroll            |       |       |     9 |       ||     9
  Eat: Chunk             |       |     4 |    17 |    17 ||    38
       Royal jelly       |       |       |       |     1 ||     1
Armor: Scale mail        |    70 |    34 |   133 |    61 ||   298
       Skin              |       |       |    31 |       ||    31
Dodge: Dodged            |    50 |    27 |   109 |    77 ||   263
Block: Shield            |    78 |    70 |   346 |   304 ||   798
       Rpst.: Long sword |    16 |     8 |    37 |    11 ||    72
       Scimitar          |       |       |       |     8 ||     8
